 Dungeon Crawl Stone Soup version 0.20.1-1-g8b1a95d (webtiles) character file.

803 MJtheKandyman the Cleaver (level 7, -6/63 HPs)
             Began as a Minotaur Berserker on Dec 30, 2017.
             Was a Priest of Trog.
             Mangled by an orc warrior
             ... wielding a +2 antimagic war axe
              (9 damage)
             ... while paralysed
             ... on level 5 of the Dungeon.
             The game lasted 00:10:19 (3984 turns).

MJtheKandyman the Cleaver (Minotaur Berserker)      Turns: 3984, Time: 00:10:19

Health: -6/63      AC:  7    Str: 21    XL:     7   Next: 59%
Magic:  0/6        EV:  2    Int:  4    God:    Trog [***...]
Gold:   264        SH:  0    Dex: 12    Spells: 6/6 levels left

rFire    . . .     SeeInvis .   H - +2 hand axe (elec)
rCold    . . .     Gourm    .   (no shield)
rNeg     . . .     Faith    .   j - +0 scale mail
rPois    .         Spirit   .   (helmet restricted)
rElec    .         Reflect  .   (no cloak)
rCorr    .         Harm     .   (no gloves)
MR       .....                  (no boots)
Stlth    ..........             (no amulet)
Regen    0.2/turn               (no ring)
MPRegen  0.1/turn               (no ring)

@: paralysed, berserk cooldown, slowed
A: retaliatory headbutt, horns 2
a: Berserk, Trog's Hand, Burn Spellbooks, Renounce Religion


You were on level 5 of the Dungeon.
You worshipped Trog.
Trog was most pleased with you.
You were very hungry.

You visited 2 branches of the dungeon, and saw 7 of its levels.

You collected 264 gold pieces.

Inventory:

Hand Weapons
 a - a +1 hand axe
 H - a +2 hand axe of electrocution (weapon)
Armour
 e - a +0 shield
 j - a +0 scale mail (worn)
Jewellery
 k - an uncursed ring of see invisible {unknown}
 B - an uncursed amulet of the gourmand {unknown}
Wands
 i - a wand of random effects (29/48)
 r - a wand of clouds (5/9)
 s - a wand of random effects (13/48)
 v - a wand of lightning (7/15)
 w - a wand of disintegration (11/24)
 C - a wand of flame (25/48)
Scrolls
 b - a scroll of amnesia {unknown}
 f - 2 scrolls of remove curse
 h - 5 scrolls of teleportation
 l - a scroll of enchant weapon
 m - 2 scrolls of immolation {unknown}
 n - a scroll of recharging {unknown}
 o - 2 scrolls of magic mapping
 x - 2 scrolls of blinking {unknown}
 D - 3 scrolls of acquirement {unknown}
 F - a scroll of fear {unknown}
 G - a scroll of random uselessness {unknown}
Potions
 g - 3 potions of curing
 p - a potion of ambrosia
 u - 2 potions of flight {unknown}
 z - 3 potions of haste
 A - a potion of mutation {unknown}
 E - a potion of cancellation {unknown}
Books
 y - a book of Misfortune

   Spells                             Type                      Level
   a - Confusing Touch                Hexes                        1
   b - Confuse                        Hexes                        3
   c - Gell's Gravitas                Translocation                3
   d - Petrify                        Transmutation/Earth          4
   e - Metabolic Englaciation         Hexes/Ice                    5
   f - Yara's Violent Unravelling     Hexes/Transmutation          5
   Trog disapproves of the use of such an item.
Comestibles
 c - 3 bread rations
 d - 10 fruits
 q - 2 royal jellies
 t - 4 meat rations
 I - 4 chunks of flesh


   Skills:
 + Level 6.3 Fighting
 * Level 8.2 Axes
 + Level 5.3 Armour
 - Level 2.1 Dodging


You had 6 spell levels left.
You didn't know any spells.

Dungeon Overview and Level Annotations

Branches:
Dungeon (6/15)             Temple (1/1) D:4

Altars:
Cheibriados
Dithmenos
Elyvilon
Fedhas
Gozag
Kikubaaqudgha
Makhleb
Okawaru
Ru
Sif Muna
Trog
Uskayaw
Vehumet
Xom
Yredelemnul
Zin
The Shining One


Innate Abilities, Weirdness & Mutations

You reflexively headbutt those who attack you in melee.
You have a pair of horns on your head.


Message History

You feel yourself moving faster!
You feel mighty!
You are feeling very hungry.
The orc misses you.
You are too injured to fight recklessly!
You are too injured to fight recklessly!
You are too injured to fight recklessly!
You feel a strong urge to attack something.
There is a stone staircase leading up here.
The orc warrior hits you with an antimagic war axe!!
* * * LOW HITPOINT WARNING * * *
You climb upwards.
You feel your anger subside.
There is a stone staircase leading down here.
You are no longer berserk.
You pass out from exhaustion.
You feel yourself slow down.
The orc warrior hits you with an antimagic war axe.
* * * LOW HITPOINT WARNING * * *
The orc warrior hits you with an antimagic war axe!
You die...

###### ############ #....#
##..........## #....######
##............## #..........
#..............# #..........
#..........>...# #..........
#..........o@..# #..........
#..............# #....##....
#..............######.......#
##.....................#...##
##..........#.#####....)#..#
############.##.....#......
#######.##.###.#..#._.
#.....#....# #.#..#...
#.....#..### #.#..#.##


You could see an orc warrior.

Vanquished Creatures
  Sigmund (D:2)
  A sky beast (D:5)
  A centaur zombie (D:5)
  A hound (D:5)
  2 orc priests (D:5)
  A bullfrog skeleton (D:6)
  5 orc wizards
  Jessica (D:3)
  Ijyb (D:3)
  3 adders
  3 gnolls (D:3)
  2 oozes
  2 worms
  3 dart slugs
  8 leopard geckos
  25 orcs
  4 bats
  4 giant cockroaches
  2 goblins
  6 hobgoblins
  13 jackals
  8 kobolds
  2 quokkas (D:3)
  A ball python (D:3)
  6 frilled lizards
  5 rats
  A butterfly (D:5)
112 creatures vanquished.

Notes
Turn   | Place    | Note
-------+----------+-------------------------------------------
     0 | D:1      | MJtheKandyman the Minotaur Berserker began the quest for the Orb.
     0 | D:1      | Reached XP level 1. HP: 19/19 MP: 0/0
   317 | D:1      | Reached XP level 2. HP: 27/27 MP: 1/1
   323 | D:1      | Reached skill level 4 in Axes
   643 | D:1      | Reached XP level 3. HP: 23/33 MP: 2/2
  1171 | D:2      | Reached ** piety under Trog
  1388 | D:2      | Noticed Sigmund
  1414 | D:2      | Killed Sigmund
  1414 | D:2      | Reached skill level 5 in Fighting
  1414 | D:2      | Reached skill level 6 in Axes
  1414 | D:2      | Reached XP level 4. HP: 42/42 MP: 3/3
  1414 | D:2      | Reached XP level 5. HP: 48/48 MP: 4/4
  1669 | D:3      | Reached XP level 6. HP: 36/56 MP: 5/5
  2001 | D:3      | Noticed Ijyb
  2013 | D:3      | Killed Ijyb
  2317 | D:3      | Noticed Jessica
  2322 | D:3      | Killed Jessica
  2646 | D:4      | Found a staircase to the Ecumenical Temple.
  3112 | Temple   | Entered the Ecumenical Temple
  3315 | D:5      | Entered Level 5 of the Dungeon
  3325 | D:5      | Reached *** piety under Trog
  3328 | D:5      | Reached skill level 7 in Axes
  3339 | D:5      | Found a shimmering altar of Xom.
  3457 | D:5      | Noticed a sky beast
  3469 | D:5      | Killed a sky beast
  3469 | D:5      | Reached XP level 7. HP: 53/62 MP: 6/6
  3605 | D:5      | Reached skill level 5 in Armour
  3757 | D:5      | Found an iron altar of Okawaru.
  3757 | D:5      | Found a shadowy altar of Dithmenos.
  3889 | D:6      | Reached skill level 8 in Axes
  3983 | D:5      | HP: 2/63 [orc warrior/antimagic war axe (6)]
  3984 | D:5      | Mangled by an orc warrior

Skill      XL: |  1  2  3  4  5  6  7 |
---------------+----------------------+-----
Axes           | 4 6 7 8 |  8.2
Fighting       | 4 5 6 |  6.3
Armour         | 4 5 |  5.3
Dodging        | |  2.1

Action                   |  1- 3 |  4- 6 |  7- 9 || total
-------------------------+-------+-------+-------++-------
Melee: Hand axe          |    82 |   144 |    45 ||   271
       Headbutt          |    12 |    27 |     2 ||    41
Invok: Berserk           |     1 |     4 |     2 ||     7
       Trog's Hand       |     1 |     2 |     1 ||     4
  Use: Scroll            |       |     6 |       ||     6
 Stab: Sleeping          |     1 |       |       ||     1
  Eat: Chunk             |     1 |    10 |     3 ||    14
       Royal jelly       |       |     1 |       ||     1
Armor: Animal skin       |    15 |       |       ||    15
       Scale mail        |     6 |    58 |    10 ||    74
Dodge: Dodged            |    46 |    46 |    11 ||   103
